 Dungeon Crawl Stone Soup version 0.28.0-53-g5a82cb258f (webtiles) character file.

Game seed: 11171627594136018256

28 Descartes the Sneak (level 2, -4/16 HPs)
             Began as a Spriggan Delver on July 5, 2022.
             Slain by an orc
             ... wielding a +0 hand axe
              (5 damage)
             ... on level 5 of the Dungeon.
             The game lasted 00:00:34 (40 turns).

Descartes the Sneak (Spriggan Delver)                 Turns: 40, Time: 00:00:35

Health: -4/16      AC:  2    Str:  8    XL:     2   Next: 96%
Magic:  3/3        EV: 18    Int: 11    God:
Gold:   0          SH:  0    Dex: 16    Spells: 1/1 levels left

rFire   . . .      SeeInvis +   a - +0 short sword
rCold   . . .      Faith    .   (no shield)
rNeg    . . .      Spirit   .   b - +0 robe
rPois   .          Reflect  .   (helmet restricted)
rElec   .          Harm     .   (no cloak)
rCorr   .          Rampage  .   (gloves unavailable)
Will    .....                   (boots unavailable)
Stlth   ++++......              (no amulet)
HPRegen 0.05/turn               (no ring)
MPRegen 0.08/turn               (no ring)

@: very quick
A: very small, no large weapons, unfitting armour, see invisible, speed 3
a: no special abilities


You were on level 5 of the Dungeon.
You visited 1 branch of the dungeon, and saw 1 of its levels.

Inventory:

Hand Weapons
 a - a +0 short sword (weapon)
Armour
 b - a +0 robe (worn)
Wands
 g - a wand of digging (3)
Scrolls
 c - a scroll of fog
 e - a scroll of fear
Potions
 f - a potion of haste


   Skills:
 + Level 2.7 Fighting
 + Level 2.7 Short Blades
 + Level 3.2 Dodging
 + Level 7.6 Stealth


You had one spell level left.
You didn't know any spells.
Your spell library contained the following spells:

 Spells                   Type           Power      Damage    Failure   Level
 Call Canine Familiar     Summ           0%         N/A       71%         3
 Portal Projectile        Hex/Tloc       0%         N/A       71%         3
 Leda's Liquefaction      Hex/Erth       0%         N/A       98%         4


Dungeon Overview and Level Annotations

Branches:
Dungeon (5/15)
 Temple: D:4-7

Altars:


Innate Abilities, Weirdness & Mutations

You are very small and have problems with some larger weapons.
You are too small for most types of armour.
You have supernaturally acute eyesight. (SInv)
You cover ground extremely quickly. (Speed+++)


Message History

Your Dodging skill increases to level 3!
You have reached level 2!
Found 13 gold pieces.
A water moccasin skeleton comes into view.
An orc wizard and 2 orcs come into view.
Found 28 gold pieces.
Found a scale mail.
The water moccasin skeleton misses you.
You closely miss the water moccasin skeleton.
The orc shouts! x2
The water moccasin skeleton closely misses you.
The orc wizard shouts!
You hit the water moccasin skeleton.
The water moccasin skeleton is lightly damaged.
You hear a shout!
The water moccasin skeleton closely misses you.
An orc comes into view. It is wielding a +0 short sword.
You closely miss the water moccasin skeleton.
The water moccasin skeleton is lightly damaged.
The water moccasin skeleton bites you.
The orc wizard gestures wildly while chanting.
The orc wizard flickers and vanishes for a moment.
The water moccasin skeleton closely misses you.
The orc completely misses you. The orc misses you.
The orc wizard hits you with a +0 dagger.
The orc misses you.
Found a dagger.
The orc wizard hits you with a +0 dagger.
You closely miss the orc wizard.
The orc wizard hits you with a +0 dagger.
The orc misses you.
Found a leather armour.
Found 11 gold pieces.
The orc shouts!
The orc closely misses you.
You barely miss the orc. The orc closely misses you.
You hit the orc but do no damage. The orc hits you with a +0 hand axe.
* * * LOW HITPOINT WARNING * * *
The orc misses you.
You closely miss the orc. The orc hits you with a +0 hand axe.
You die...

#>..# *,,,,,,* *,,,,,,,, #...#
*,,,,,,* ********* *** #...#
**,,,,,* ,,** #...# **,****
******* ,..###...########,*****
*,,,,<*
,........$.$...$#,,,,,***,,,,,*
,..............o##***,*,,,,,,,*
,.............Zo.# *,,,,,,,,,*
,..###...##.##o#@# *,*,*,,,,,*
,..* #...##.##)#o#***,,,,,,,***
**** #...##.##..$[,,,,,,*,*,*
#...##.####.##**,,**,*,**
***#.[.##.#**#.# *,,,,,,,,*
*,,..#.,#..,,..# *,,,,,*,^*
*,*,***,##***### **,**,*,,****
*,,** **,****** *,,,,,,,,,,,
***,** **,,,,,* *,*****,****


You could see 3 orcs and a water moccasin skeleton.

Vanquished Creatures
  A hound (D:5)
1 creature vanquished.

Notes
Turn   | Place    | Note
-------+----------+-------------------------------------------
     0 | D:5      | Descartes the Spriggan Delver began the quest for the Orb.
     0 | D:5      | Reached XP level 1. HP: 11/11 MP: 2/2
    15 | D:5      | Noticed a hound
    17 | D:5      | Killed a hound
    18 | D:5      | Reached XP level 2. HP: 16/16 MP: 3/3
    40 | D:5      | Slain by an orc

Illustrated notes

Levels and vault maps discovered:
D:5:      layout_loops_cross, enter_ossuary_4

Skill      XL: |  1 |
---------------+----+-----
Dodging        | 3 |  3.2
Fighting       | |  2.7
Short Blades   | |  2.7
Stealth        | |  7.6

Action                   || total
-------------------------++-------
Melee: Short sword       ||     8
  Use: Scroll            ||     1
 Stab: Sleeping          ||     1
Dodge: Dodged            ||    11
